AoeStats
← Mark

Arabia

510084334Analyzed
3v3 RM · 3d ago on Sep 29, 2026· 40m 32s· 6 players
Game mode
Random Map
Map size
Normal (6 player)
Population
200
Speed
Normal
Resources
Standard
Victory
Conquest
Starting age
Dark Age
Ending age
Imperial Age
RankedLock teamsTeams togetherTeam positionsShared explorationLock speedFull tech treeHidden civsTurbo modeCheats
Victory
Defeat
🇹🇷 Malians · Türkiye
1076
+16
🇪🇸 Magyars · Spain
1058
+17
🇹🇷 Bulgarians · Türkiye
944
+21
🇨🇳 Italians · China
1123
-20
🇳🇱 Bengalis · Netherlands
1114
-20
🇨🇳 Wei · China
971
-14
Pr8feSS8r
11:15 Feudal Age
12:28 Loom
16:23 Castle Age
14:29 Horse Collar
15:37 Double-Bit Axe
18:01 Wheelbarrow
18:59 Bow Saw
20:12 Heavy Plow
23:42 Corvinian Army
25:16 Bloodlines
27:30 Hand Cart
28:17 Scale Barding Armor
30:26 Gold Mining
30:28 Stone Mining
34:15 Imperial Age
33:51 Chain Barding Armor
34:13 Gold Shaft Mining
35:05 Elite Magyar Huszar
37:05 Plate Barding Armor
37:38 Two-Man Saw
37:09 Crop Rotation
37:52 Conscription
38:19 Fletching
39:04 Bodkin Arrow
39:14 Husbandry
lobca
9:55 Feudal Age
13:32 Loom
17:38 Castle Age
17:36 Fletching
17:39 Horse Collar
17:46 Double-Bit Axe
22:57 Wheelbarrow
25:42 Heavy Plow
28:20 Bodkin Arrow
27:47 Elite Skirmisher
29:32 Hand Cart
29:24 Husbandry
35:31 Imperial Age
33:46 Padded Archer Armor
37:25 Leather Archer Armor
39:01 Ballistics
38:53 Bow Saw
39:45 Chemistry
39:17 Ring Archer Armor
40:30 Murder Holes
41:02 Conscription
41:21 Masonry
ez game ez life ^^
4:29 Loom
10:39 Feudal Age
11:09 Double-Bit Axe
11:08 Horse Collar
18:06 Castle Age
16:44 Arson
17:00 Gold Mining
18:28 Scale Mail Armor
18:20 Town Watch
18:50 Forging
18:46 Gambesons
19:07 Squires
19:13 Gambesons
26:59 Chain Mail Armor
26:59 Pikeman
29:35 Bow Saw
31:22 Iron Casting
36:07 Imperial Age
34:45 Heavy Plow
37:36 Gold Shaft Mining
38:27 Plate Mail Armor
37:28 Capped Ram
39:03 Crop Rotation
40:01 Blast Furnace
38:39 Siege Ram
40:50 Conscription
Mark
8:35 Loom
10:40 Feudal Age
15:50 Castle Age
14:05 Double-Bit Axe
14:48 Horse Collar
19:48 Wheelbarrow
20:32 Bow Saw
21:23 Heavy Plow
22:52 Fletching
24:23 Gold Mining
25:46 Gold Shaft Mining
285066173
9:27 Feudal Age
14:57 Castle Age
14:21 Double-Bit Axe
14:31 Fletching
14:41 Padded Archer Armor
18:09 Loom
26:20 Wheelbarrow
26:49 Bow Saw
30:24 Imperial Age
28:03 Stone Mining
28:03 Gold Mining
28:51 Hand Cart
29:49 Bodkin Arrow
34:41 Bracer
bro
8:36 Loom
10:41 Feudal Age
16:07 Castle Age
16:23 Bloodlines
19:55 Double-Bit Axe
20:42 Horse Collar
Connection lost

Rejoining the realm…

Still unreachable

The connection could not be restored.

Session expired

The server has moved on; the page needs a fresh start.